[Event "Belt and Road Women 2024"]
[Site "Yuecheng Shaoxing"]
[Date "2024.07.31"]
[Round "7.3"]
[White "Stefanova, Antoaneta"]
[Black "Mammadzada, Gunay"]
[Result "1/2-1/2"]
[ECO "A07"]
[WhiteElo "2417"]
[BlackElo "2444"]
[Annotator "RC"]
[PlyCount "80"]
[EventDate "2024.08.01"]
[EventType "swiss"]
[EventCountry "CHN"]
[SourceTitle "playchess.com"]
[Source "ChessBase"]
[SourceQuality "1"]
[TimeControl "5400+30"]

1. Nf3 d5 2. g3 Nf6 3. Bg2 e6 4. O-O Be7 5. d3 O-O 6. Bf4 Nc6 7. d4 Bd6 8. e3 Be7 9. Ne1 b6 10. Nd3 Ba6 11. a3 Ne4 12. f3 Nd6 13. Nc3 Nf5 14. g4 Nh4 15. Bh3 Na5 16. Bg3 c5 17. f4 Nc4 18. Qe1 cxd4 19. exd4 Rc8 20. Kh1 Nd6 21. f5 exf5 22. gxf5 Bf6 23. Rf4 g5 24. fxg6 Nxg6 25. Bxc8 Bxc8 26. Qf2 Nxf4 27. Bxf4 Kh8 28. Rg1 Ne4 29. Nxe4 dxe4 30. Be5 Bxe5 31. Nxe5 f6 32. Qg3 Qe7 33. Nc6 Qf7 34. d5 Ba6 35. Nd4 e3 36. Ne6 Bc4 37. Nxf8 Bxd5+ 38. Rg2 Qxf8 39. Qxe3 Qa8 40. Qf2 Bxg2+ 1/2-1/2

[Event "Belt and Road Women 2024"]
[Site "Yuecheng Shaoxing"]
[Date "2024.07.31"]
[Round "7.4"]
[White "Wagner, Dinara"]
[Black "Beydullayeva, Govhar"]
[Result "1-0"]
[ECO "E05"]
[WhiteElo "2454"]
[BlackElo "2417"]
[Annotator "RC"]
[PlyCount "127"]
[EventDate "2024.08.01"]
[EventType "swiss"]
[EventCountry "CHN"]
[SourceTitle "playchess.com"]
[Source "ChessBase"]
[SourceQuality "1"]
[TimeControl "5400+30"]

1. d4 Nf6 2. c4 e6 3. Nf3 d5 4. g3 Be7 5. Bg2 O-O 6. O-O dxc4 7. Qa4 a6 8. Qxc4 b5 9. Qc2 Bb7 10. Bf4 Nc6 11. Nc3 Nb4 12. Qc1 Nbd5 13. Nxd5 Nxd5 14. Bg5 f6 15. Bd2 Rc8 16. a3 c5 17. Qe1 Qe8 18. Ba5 cxd4 19. Nxd4 Bc5 20. Rd1 Rf7 21. e4 Nb6 22. Nb3 Nd7 23. Nxc5 Nxc5 24. Qe3 Rd7 25. Rxd7 Qxd7 26. Rc1 Na4 27. b3 Nb2 28. Rxc8+ Bxc8 29. Bf1 Bb7 30. Be2 e5 31. Bc3 Nd1 32. Qd2 Qxd2 33. Bxd2 Nxf2 34. Kxf2 Bxe4 35. Ke3 Bd5 36. Bd1 Kf7 37. Kd3 Ke6 38. Kc3 Kf5 39. Kb4 Ke4 40. Ka5 Kd3 41. Bb4 e4 42. Kxa6 e3 43. Kxb5 e2 44. Bxe2+ Kxe2 45. Bf8 Bxb3 46. Bxg7 f5 47. a4 Kf3 48. a5 Kg2 49. Be5 Kxh2 50. g4+ Kh3 51. gxf5 Kg4 52. f6 Kf5 53. a6 Ke6 54. Kc5 Bd1 55. Kd4 Bf3 56. Ke3 Ba8 57. Kf4 Bc6 58. Kg5 Kf7 59. Bg3 Bd7 60. Bh4 Bb5 61. a7 Bc6 62. Kf5 h5 63. Ke5 Ba8 64. Kd6 1-0

[Event "Belt and Road Women 2024"]
[Site "Yuecheng Shaoxing"]
[Date "2024.07.31"]
[Round "7.5"]
[White "Velpula Sarayu"]
[Black "Lu, Miaoyi"]
[Result "1/2-1/2"]
[ECO "C65"]
[WhiteElo "2384"]
[BlackElo "2449"]
[Annotator "RC"]
[PlyCount "89"]
[EventDate "2024.08.01"]
[EventType "swiss"]
[EventCountry "CHN"]
[SourceTitle "playchess.com"]
[Source "ChessBase"]
[SourceQuality "1"]
[TimeControl "5400+30"]

1. e4 e5 2. Nf3 Nc6 3. Bb5 Nf6 4. d3 Bc5 5. Bxc6 dxc6 6. O-O Qd6 7. c3 Bg4 8. Nbd2 Qe6 9. Qb3 Qxb3 10. axb3 Nd7 11. h3 Bh5 12. b4 Be7 13. g4 Bg6 14. Nc4 f6 15. Be3 a6 16. Rfd1 O-O-O 17. Ncd2 c5 18. bxc5 Nxc5 19. Bxc5 Bxc5 20. b4 Be7 21. Nc4 Bf7 22. Ne3 g6 23. Kf1 Rhe8 24. Rab1 c6 25. Ke2 Bd6 26. h4 Be6 27. Rh1 Bb8 28. c4 b5 29. h5 Ba7 30. c5 a5 31. Ra1 a4 32. hxg6 hxg6 33. Rh6 Rg8 34. g5 Bb8 35. gxf6 Rdf8 36. Ng5 Rxf6 37. Nxe6 Rxe6 38. Rg1 Kd7 39. Nf5 Bc7 40. f3 Rf6 41. Rh7+ Kd8 42. Rh6 Ke8 43. Rh7 Kd8 44. Rh6 Ke8 45. Rh7 1/2-1/2

[Event "Belt and Road Women 2024"]
[Site "Yuecheng Shaoxing"]
[Date "2024.07.31"]
[Round "7.6"]
[White "Zhai, Mo"]
[Black "Zhang, Lanlin"]
[Result "1/2-1/2"]
[ECO "E14"]
[WhiteElo "2348"]
[BlackElo "2161"]
[Annotator "RC"]
[PlyCount "59"]
[EventDate "2024.08.01"]
[EventType "swiss"]
[EventCountry "CHN"]
[SourceTitle "playchess.com"]
[Source "ChessBase"]
[SourceQuality "1"]
[TimeControl "5400+30"]

1. d4 Nf6 2. c4 e6 3. Nf3 d5 4. Nc3 Be7 5. e3 O-O 6. Bd3 b6 7. cxd5 exd5 8. b3 Bb7 9. Bb2 Nbd7 10. O-O a6 11. Ne2 Bd6 12. Ng3 g6 13. Ne5 Ne4 14. Rc1 Qe7 15. Bxe4 dxe4 16. Nc6 Qh4 17. d5 Rae8 18. Qd4 f6 19. f4 Nc5 20. Rc2 a5 21. b4 axb4 22. Nxb4 Bc8 23. Bc3 Bd7 24. Nc6 Ra8 25. Qd1 Bc8 26. Nb4 Bd7 27. Nc6 Bc8 28. Nb4 Bd7 29. Nc6 Bc8 30. Nb4 1/2-1/2

[Event "Belt and Road Women 2024"]
[Site "Yuecheng Shaoxing"]
[Date "2024.07.31"]
[Round "7.7"]
[White "Xiao, Yiyi"]
[Black "Ni, Shiqun"]
[Result "1-0"]
[ECO "B20"]
[WhiteElo "2338"]
[BlackElo "2352"]
[Annotator "RC"]
[PlyCount "79"]
[EventDate "2024.08.01"]
[EventType "swiss"]
[EventCountry "CHN"]
[SourceTitle "playchess.com"]
[Source "ChessBase"]
[SourceQuality "1"]
[TimeControl "5400+30"]

1. e4 c5 2. Ne2 Nf6 3. Nbc3 d5 4. e5 Ng4 5. d4 cxd4 6. Nxd4 Nxe5 7. Bb5+ Nec6 8. Bf4 e6 9. Bxb8 Rxb8 10. Bxc6+ bxc6 11. Nxc6 Qb6 12. Nxb8 Qxb8 13. Qd3 Bd7 14. O-O Bd6 15. h3 O-O 16. Rab1 Rc8 17. b3 g6 18. Ne2 Qc7 19. c4 dxc4 20. Qxc4 Qb7 21. Qd3 Bc5 22. b4 Bb6 23. b5 e5 24. Qd6 Bf5 25. Rbc1 Rxc1 26. Rxc1 Qe4 27. Qd2 Be6 28. Nc3 Qb4 29. Qe2 Qf4 30. Rc2 Kg7 31. a4 Bb3 32. Rd2 Bc4 33. Nd5 Bxd5 34. Rxd5 Bd4 35. Rd7 h5 36. Qf3 Qc1+ 37. Kh2 Qc4 38. Qd5 Qxa4 39. Qxf7+ Kh6 40. h4 1-0

[Event "Belt and Road Women 2024"]
[Site "Yuecheng Shaoxing"]
[Date "2024.07.31"]
[Round "7.8"]
[White "Wang, Qinxuanyi"]
[Black "Garifullina, Leya"]
[Result "0-1"]
[ECO "D38"]
[WhiteElo "2149"]
[BlackElo "2458"]
[Annotator "TA"]
[PlyCount "158"]
[EventDate "2024.08.01"]
[EventType "swiss"]
[EventCountry "CHN"]
[SourceTitle "playchess.com"]
[Source "ChessBase"]
[SourceQuality "1"]
[TimeControl "5400+30"]

1. d4 Nf6 2. c4 e6 3. Nf3 d5 4. Nc3 Bb4 5. Bg5 h6 6. Bxf6 Qxf6 7. e3 O-O 8. Rc1 Nc6 9. a3 Bxc3+ 10. Rxc3 dxc4 11. Bxc4 {[%emt 0:00:35] The position is equal.} e5 12. dxe5 Nxe5 13. Nxe5 Qxe5 14. O-O Bf5 15. Qd5 Qxd5 16. Bxd5 c6 17. Bf3 Rfd8 18. Rd1 Rxd1+ 19. Bxd1 $11 {[%emt 0:00:01][%mdl 4096] Endgame. KRB-KRB} Rd8 20. Bf3 Rd2 (20... Be4 $5) 21. g4 Be6 22. b4 Kf8 23. h3 Rb2 24. Kg2 Ke7 25. Kg3 g5 26. Be4 Rb3 27. Rxb3 Bxb3 $15 {[%emt 0:00:04] KB-KB} 28. f4 f6 29. Bh7 ({Better is} 29. h4 $15) 29... b6 30. h4 c5 31. bxc5 bxc5 32. hxg5 hxg5 33. Kf2 Bd1 ({Black should try} 33... Be6 $17 34. Kf3 c4) 34. Bf5 $11 Kd6 35. Ke1 Ba4 36. Kd2 Bb3 37. Kc3 Ba2 38. Bc8 Bb1 39. Bb7 Bg6 40. Bf3 Bf7 41. Be2 Bd5 42. Bd3 Bf3 43. Bf5 Kd5 44. Kd3 Bg2 45. Bg6 Bf1+ 46. Kc3 Ba6 47. Bf5 {[%emt 0:01:44] Prevents Bc8.} Bb5 48. Kd2 Bf1 49. Kc3 Bg2 50. Bg6 $2 {[%emt 0:01:22][%mdl 8192] [#] White is now going downhill.} (50. Bd7 $11) 50... Be4 $1 $19 51. Bf7+ (51. Bh5 {was the only chance.}) 51... Kd6 52. fxg5 (52. Bh5 $142 Bf3 53. fxg5 fxg5 54. Kd3) 52... fxg5 53. Bh5 $2 (53. Kd2) 53... Bd5 54. Kd3 Ke5 55. Ke2 Bc4+ 56. Kf2 Bb5 {[%emt 0:01:31] Prevents Be8} 57. Bg6 Bd7 {[%emt 0:01:09] Wards off Bf5} 58. Kf3 c4 59. Bh7 Kd5 60. Be4+ Kc5 {[%emt 0:00:05] ...Bc6 would now be deadly.} 61. Bc2 c3 62. Kg3 a5 $2 (62... Kc4 63. Kf3 Be6) 63. Kf3 Be6 $2 (63... Kc4 $19 64. Kg3 a4) 64. Ke4 $2 (64. Ke2 $17) 64... Kc4 $1 65. Kf3 Kd5 66. Kg3 Ke5 67. Kf3 Bc8 68. Bd3 Bd7 (68... Kd5 $142 69. Bc2 Kc4) 69. Bc2 (69. Bh7 $142 Bc8 70. Bc2) 69... Be6 70. Ba4 Bc4 71. Bc2 {[%emt 0:00:47] [#] Dodges Bd3} a4 $1 {[%emt 0:00:26][%mdl 512] ( -> ...Bb3)} 72. Bf5 (72. Bg6 Be6) 72... Be6 73. Bd3 Kd6 74. e4 Ke5 {[%emt 0:01:41] Black mates.} 75. Ke3 Bxg4 76. Bc2 Bd7 77. Kd3 {[%emt 0:00:10] [#]} g4 $1 78. Bd1 g3 79. Ke3 Bc6 {[%emt 0:00:23] Weighted Error Value: White=0.59/Black=0.13 (very precise) .  Loses game:     	White=2     	---        Mistake:       	White=4     	Black=1      Inaccurate:     	White=1     	Black=1      OK:         	White=17    	Black=15     Best:        	White=1     	Black=3      Strong:       	---       	Black=1} 0-1

[Event "Belt and Road Women 2024"]
[Site "Yuecheng Shaoxing"]
[Date "2024.07.31"]
[Round "7.9"]
[White "Yan, Tianqi"]
[Black "Zhang, Xiao"]
[Result "1-0"]
[ECO "C65"]
[WhiteElo "2306"]
[BlackElo "2193"]
[Annotator "RC"]
[PlyCount "86"]
[EventDate "2024.08.01"]
[EventType "swiss"]
[EventCountry "CHN"]
[SourceTitle "playchess.com"]
[Source "ChessBase"]
[SourceQuality "1"]
[TimeControl "5400+30"]

1. e4 e5 2. Nf3 Nc6 3. Bb5 Nf6 4. d3 Bc5 5. c3 d6 6. O-O O-O 7. Nbd2 a6 8. Ba4 Ba7 9. h3 Nh5 10. Bxc6 bxc6 11. d4 exd4 12. Nxd4 Qh4 13. Nxc6 Bxh3 14. Nxa7 Bxg2 15. Kxg2 Nf4+ 16. Kf3 f5 17. Ke3 fxe4 18. Nxe4 Rae8 19. Kd2 Rxe4 20. Kc2 Re2+ 21. Kb3 Rb8+ 22. Ka3 Qh5 23. b4 Nd5 24. Nc6 Rbe8 25. Nd4 Nxc3 26. Qb3+ Kh8 27. Qxc3 R2e4 28. Bb2 a5 29. b5 Qh4 30. Rae1 d5 31. Nf5 Qg4 32. Qxg7+ Qxg7 33. Bxg7+ Kg8 34. Rxe4 Rxe4 35. Bc3 Kf7 36. Bxa5 Ke6 37. Ng3 Rc4 38. Rh1 d4 39. Kb3 Rc5 40. a4 d3 41. Rxh7 Rc2 42. Ne4 Kd5 43. Nd2 Ke6 1-0

[Event "Belt and Road Women 2024"]
[Site "Yuecheng Shaoxing"]
[Date "2024.07.31"]
[Round "7.10"]
[White "Yang, Yijing"]
[Black "Kurmangaliyeva, Liya"]
[Result "0-1"]
[ECO "E10"]
[WhiteElo "2022"]
[BlackElo "2282"]
[Annotator "RC"]
[PlyCount "54"]
[EventDate "2024.08.01"]
[EventType "swiss"]
[EventCountry "CHN"]
[SourceTitle "playchess.com"]
[Source "ChessBase"]
[SourceQuality "1"]
[TimeControl "5400+30"]

1. d4 Nf6 2. c4 e6 3. Nf3 h6 4. g3 Bb4+ 5. Bd2 Be7 6. Qc2 d5 7. Bg2 c6 8. O-O O-O 9. Bf4 Nbd7 10. Nbd2 Nh5 11. Rad1 a5 12. a4 b6 13. cxd5 cxd5 14. Bc7 Qe8 15. Rfe1 Bb7 16. Qb3 Bb4 17. Rc1 Qe7 18. Qe3 Rac8 19. b3 Ba6 20. g4 Nhf6 21. h3 Ne4 22. Nxe4 dxe4 23. Nd2 Nf6 24. Bf4 Nd5 25. Qg3 g5 26. Bxg5 hxg5 27. Rxc8 Rxc8 0-1

[Event "Belt and Road Women 2024"]
[Site "Yuecheng Shaoxing"]
[Date "2024.07.31"]
[Round "7.11"]
[White "Pham, Le Thao Nguyen"]
[Black "Kairbekova, Amina"]
[Result "1-0"]
[ECO "D02"]
[WhiteElo "2395"]
[BlackElo "2244"]
[Annotator "RC"]
[PlyCount "83"]
[EventDate "2024.08.01"]
[EventType "swiss"]
[EventCountry "CHN"]
[SourceTitle "playchess.com"]
[Source "ChessBase"]
[SourceQuality "1"]
[TimeControl "5400+30"]

1. d4 Nf6 2. Nf3 g6 3. Nbd2 d5 4. e3 Bg7 5. b4 a5 6. b5 c5 7. bxc6 Nxc6 8. Ba3 O-O 9. Be2 Re8 10. O-O Bf5 11. c3 Qc7 12. Rc1 Ne4 13. Nxe4 Bxe4 14. Nd2 Bf5 15. Qb3 e5 16. Bf3 Bd3 17. Rfe1 a4 18. Qd1 Qa5 19. Be2 Bxe2 20. Rxe2 Rac8 21. Nf1 Qa6 22. Rb2 Na5 23. Bc5 Nc4 24. Rbb1 b6 25. Bb4 a3 26. Rb3 Rc6 27. dxe5 Bxe5 28. Qxd5 Rcc8 29. Rd1 b5 30. h3 Bg7 31. Qf3 h5 32. Nd2 Nb2 33. Rxa3 Qe6 34. Rb1 Na4 35. c4 Bb2 36. Rxa4 bxa4 37. Rxb2 Red8 38. a3 Qe5 39. Rb1 Rb8 40. Qe2 Qf5 41. Rc1 Qf6 42. Nf3 1-0

[Event "Belt and Road Women 2024"]
[Site "Yuecheng Shaoxing"]
[Date "2024.07.31"]
[Round "7.12"]
[White "Chen, Yining"]
[Black "Bai, Xue"]
[Result "1-0"]
[ECO "D53"]
[WhiteElo "2300"]
[BlackElo "2114"]
[Annotator "RC"]
[PlyCount "61"]
[EventDate "2024.08.01"]
[EventType "swiss"]
[EventCountry "CHN"]
[SourceTitle "playchess.com"]
[Source "ChessBase"]
[SourceQuality "1"]
[TimeControl "5400+30"]

1. d4 Nf6 2. c4 e6 3. Nf3 d5 4. Nc3 Be7 5. Qc2 O-O 6. Bg5 h6 7. Bxf6 Bxf6 8. O-O-O b6 9. e4 dxc4 10. Bxc4 Ba6 11. Bxa6 Nxa6 12. h4 Be7 13. g4 c5 14. Qa4 Qc8 15. d5 exd5 16. Nxd5 Re8 17. g5 h5 18. g6 fxg6 19. Qc4 Kh8 20. Ne5 Kh7 21. Rhg1 b5 22. Qe2 Bd6 23. Nxg6 Qe6 24. Qxh5+ Kg8 25. Nge7+ Rxe7 26. Nxe7+ Bxe7 27. Rxg7+ Kxg7 28. Rg1+ Kf8 29. Qh8+ Kf7 30. Rg7+ Kf6 31. Rg8+ 1-0

[Event "Belt and Road Women 2024"]
[Site "Yuecheng Shaoxing"]
[Date "2024.07.31"]
[Round "7.13"]
[White "Ha, Yihan"]
[Black "Wang, Yu A."]
[Result "1-0"]
[ECO "E11"]
[WhiteElo "2166"]
[BlackElo "2234"]
[Annotator "RC"]
[PlyCount "105"]
[EventDate "2024.08.01"]
[EventType "swiss"]
[EventCountry "CHN"]
[SourceTitle "playchess.com"]
[Source "ChessBase"]
[SourceQuality "1"]
[TimeControl "5400+30"]

1. d4 e6 2. c4 Bb4+ 3. Bd2 a5 4. Nf3 Nf6 5. a3 Bxd2+ 6. Qxd2 d5 7. e3 O-O 8. Nc3 Qe7 9. Rc1 b6 10. cxd5 exd5 11. Bd3 c5 12. dxc5 bxc5 13. O-O Bb7 14. Rfe1 Nbd7 15. Bb1 Rfd8 16. Qc2 g6 17. h3 Rac8 18. Qa4 Bc6 19. Qxa5 Qd6 20. Nb5 Bxb5 21. Qxb5 c4 22. Nd4 Nc5 23. Qb4 Rb8 24. Qd2 Na4 25. b4 Ra8 26. Nb5 Qb6 27. Qd4 Qxb5 28. Qxf6 Rdc8 29. e4 d4 30. Qxd4 Nb6 31. Re3 Rd8 32. Qf6 Rd2 33. Rf3 Ra7 34. e5 Nd5 35. Qg5 c3 36. e6 Qe2 37. Kh2 Qxe6 38. Rfxc3 Rxf2 39. Rc6 Qd7 40. Rc8+ Kg7 41. Rd8 Qe7 42. Qxd5 Rxa3 43. Qd4+ Kh6 44. Qxf2 Qxd8 45. Rc4 Ra1 46. Qh4+ Qxh4 47. Rxh4+ Kg5 48. Rg4+ Kf6 49. Bd3 Ra3 50. Bf1 h5 51. Rf4+ Ke7 52. b5 f5 53. Rb4 1-0

[Event "Belt and Road Women 2024"]
[Site "Yuecheng Shaoxing"]
[Date "2024.07.31"]
[Round "7.14"]
[White "Soumya, Swaminathan"]
[Black "Gu, Xiaobing"]
[Result "0-1"]
[ECO "B90"]
[WhiteElo "2258"]
[BlackElo "2135"]
[Annotator "RC"]
[PlyCount "82"]
[EventDate "2024.08.01"]
[EventType "swiss"]
[EventCountry "CHN"]
[SourceTitle "playchess.com"]
[Source "ChessBase"]
[SourceQuality "1"]
[TimeControl "5400+30"]

1. e4 c5 2. Nf3 d6 3. d4 cxd4 4. Nxd4 Nf6 5. Nc3 a6 6. h3 e5 7. Nf3 Be7 8. g4 h6 9. Rg1 Nbd7 10. g5 hxg5 11. Nxg5 Qc7 12. a4 Nf8 13. Qf3 Bd8 14. b3 Be6 15. Bb2 Rc8 16. O-O-O Qc5 17. Qe2 Qb4 18. Qd2 Ba5 19. Rg3 Rc6 20. Rd3 Ke7 21. Qe3 Bb6 22. Qe2 Ng6 23. Nxe6 fxe6 24. Qd2 Ba5 25. Rg3 Nf4 26. Rxg7+ Kf8 27. Rg3 Nxe4 28. Nxe4 Qxe4 29. c3 d5 30. Re3 Qf5 31. Bd3 e4 32. Bc2 Bb6 33. Rf3 Ne2+ 34. Qxe2 Qxf3 35. Qf1 Rh6 36. h4 Rxh4 37. c4 Rh2 38. Qg1 Qg2 39. Ba3+ Kf7 40. Qe1 Qxf2 41. Qc3 d4 0-1

[Event "Belt and Road Women 2024"]
[Site "Yuecheng Shaoxing"]
[Date "2024.07.31"]
[Round "7.15"]
[White "Li, Xueyi"]
[Black "Hu, Jiani"]
[Result "1/2-1/2"]
[ECO "D30"]
[WhiteElo "2209"]
[BlackElo "2148"]
[Annotator "RC"]
[PlyCount "128"]
[EventDate "2024.08.01"]
[EventType "swiss"]
[EventCountry "CHN"]
[SourceTitle "playchess.com"]
[Source "ChessBase"]
[SourceQuality "1"]
[TimeControl "5400+30"]

1. d4 d5 2. c4 e6 3. Nf3 c5 4. cxd5 exd5 5. g3 Nc6 6. Bg2 Nf6 7. O-O Be7 8. dxc5 Bxc5 9. a3 O-O 10. b4 Be7 11. Bb2 Bf5 12. Nc3 Rc8 13. Nd4 Bg6 14. Bh3 Rb8 15. Na4 Ne4 16. Rc1 Nxd4 17. Bxd4 b6 18. Be5 Ra8 19. Nb2 Bf6 20. Nd3 Ng5 21. Bg2 Be4 22. Bxf6 Qxf6 23. Nf4 Bxg2 24. Kxg2 Rfd8 25. Qd3 d4 26. Rfd1 Ne6 27. Nxe6 fxe6 28. Qe4 Rd5 29. Rc6 Re8 30. Qxd5 exd5 31. Rxf6 gxf6 32. Kf1 Re4 33. Rc1 a5 34. bxa5 bxa5 35. Rc5 d3 36. exd3 Ra4 37. Rc3 Kf7 38. Ke2 Ke6 39. h4 h5 40. Rb3 Ke5 41. Ke3 f5 42. Kf3 Kd6 43. Ke3 Ke5 44. f3 f4+ 45. gxf4+ Rxf4 46. Rb5 Ra4 47. f4+ Kd6 48. Rb6+ Kc5 49. Rb3 Kd6 50. Kf3 Ke6 51. Rb6+ Kf5 52. Ke3 Rxa3 53. Rd6 Kg4 54. Rxd5 Kxh4 55. Rg5 Ra1 56. Rg2 a4 57. f5 a3 58. f6 Rf1 59. Rf2 Rxf2 60. Kxf2 a2 61. f7 a1=Q 62. f8=Q Qd4+ 63. Kg2 Qg4+ 64. Kf1 Qd1+ 1/2-1/2

[Event "Belt and Road Women 2024"]
[Site "Yuecheng Shaoxing"]
[Date "2024.07.31"]
[Round "7.16"]
[White "Wang, Chuqiao"]
[Black "Velikic, Adela"]
[Result "1-0"]
[ECO "D38"]
[WhiteElo "2278"]
[BlackElo "2290"]
[Annotator "RC"]
[PlyCount "97"]
[EventDate "2024.08.01"]
[EventType "swiss"]
[EventCountry "CHN"]
[SourceTitle "playchess.com"]
[Source "ChessBase"]
[SourceQuality "1"]
[TimeControl "5400+30"]

1. d4 Nf6 2. c4 e6 3. Nc3 Bb4 4. Nf3 d5 5. Qb3 c5 6. Bg5 h6 7. Bxf6 Qxf6 8. e3 O-O 9. cxd5 exd5 10. a3 Bxc3+ 11. Qxc3 c4 12. b3 Be6 13. bxc4 dxc4 14. Nd2 Rc8 15. Be2 Nd7 16. Bf3 Rab8 17. O-O b5 18. Qb4 Qd8 19. e4 a5 20. Qb1 f6 21. d5 Ne5 22. Bh5 Bg4 23. Bxg4 Nxg4 24. Nf3 Qb6 25. Qb2 b4 26. axb4 axb4 27. h3 c3 28. Qb3 Ne5 29. d6+ Kh8 30. Nxe5 fxe5 31. d7 Rf8 32. Rad1 Ra8 33. Qc4 Rad8 34. Rd5 Rb8 35. Qb3 Qa7 36. Kh2 Rfd8 37. Rfd1 Qxf2 38. Qc4 Qe3 39. R5d3 Qe2 40. Qc6 Qf2 41. Rd6 Qf4+ 42. Kh1 Qe3 43. R1d3 Qf2 44. Rf3 Qe1+ 45. Kh2 b3 46. Rxh6+ gxh6 47. Qxh6+ Kg8 48. Qg6+ Kh8 49. Rf7 1-0

[Event "Belt and Road Women 2024"]
[Site "Yuecheng Shaoxing"]
[Date "2024.08.01"]
[Round "8.1"]
[White "Wagner, Dinara"]
[Black "Tan, Zhongyi"]
[Result "1/2-1/2"]
[ECO "D37"]
[WhiteElo "2454"]
[BlackElo "2540"]
[Annotator "TA"]
[PlyCount "205"]
[EventDate "2024.08.01"]
[EventType "swiss"]
[EventCountry "CHN"]
[SourceTitle "playchess.com"]
[Source "ChessBase"]
[SourceQuality "1"]
[TimeControl "5400+30"]

1. d4 Nf6 2. c4 e6 3. Nf3 a6 4. Nc3 d5 5. cxd5 exd5 6. Bg5 {[%emt 0:00:08] D37: Queen's Gambit Declined: 5 Bf4.} Be6 7. e3 h6 8. Bf4 c5 9. Bxb8 $146 ({Predecessor:} 9. dxc5 Bxc5 10. Bd3 Nc6 11. h3 O-O 12. O-O d4 13. exd4 Nxd4 14. Rc1 Rc8 15. Be5 Nxf3+ 16. Qxf3 {½-½ Lin,Y (2408)-Lu,S (2615) CHN-ch Xinghua 2020 (4)}) 9... Rxb8 10. dxc5 Bxc5 11. Bd3 O-O 12. O-O g6 13. Ne2 Bd6 14. Nfd4 Bd7 15. Qb3 Qa5 16. Nc3 Rfe8 17. a3 Kg7 18. Rad1 Qc7 19. g3 Rbd8 20. Be2 Bh3 21. Rfe1 Bc5 22. Bf1 Bc8 23. Bg2 Qe5 24. Nce2 h5 25. Qc3 Bd6 26. Nf3 Qe7 27. Nf4 Kg8 28. Qb3 Bg4 29. Rd2 h4 30. Rd4 Bc5 31. Nxd5 Rxd5 32. Rxg4 hxg3 33. hxg3 Red8 34. Rc4 b5 35. Rcc1 Ne4 36. Qc2 Re8 37. Rcd1 Rh5 38. Rd3 Rf5 39. Re2 Bd6 40. Rd1 Rc5 41. Qd3 Bb8 42. Nd4 Qe5 43. Rc2 Rxc2 44. Qxc2 Nf6 45. Nc6 Qh5 46. Nxb8 Rxb8 47. Rd6 Ng4 48. Rxa6 Rd8 49. Rc6 Kg7 50. Rc8 Rd6 51. Rc6 Rd8 52. Qe2 Qh2+ 53. Kf1 Ne5 54. Rc1 Rd6 55. Qxb5 Ng4 56. Qe2 Qh5 57. Bf3 Rf6 58. Ke1 Qa5+ 59. Rc3 Ne5 60. Be4 Qa4 61. Qc2 Qd7 62. Rc7 Qg4 63. Rc3 $2 (63. a4 $18) 63... Qh3 $2 (63... Qd7 $1 $11 {and Black stays safe.} 64. Bg2 g5) 64. Qe2 $18 Qh2 65. f4 Qxg3+ 66. Qf2 Qg4 67. Rc5 $2 ({Better is} 67. Qg2 $18 Qh4+ 68. Kd1) 67... Rd6 $1 $11 68. Rc1 $1 (68. Rxe5 $2 Qd1#) 68... Nc4 69. Bf3 (69. Rxc4 $2 Qd1#) 69... Qe6 (69... Qf5 $5) 70. Rc3 (70. e4 {simplifies} Nd2 71. Rd1 Nxf3+ 72. Qxf3 Rc6 73. Kf2) 70... Rd2 (70... Nd2 {simplifies} 71. Rc2 Nxf3+ 72. Qxf3 Qa2) 71. Be2 Nd6 $1 72. f5 (72. Kxd2 Ne4+ 73. Ke1 Nxf2 74. Kxf2 g5 $15) 72... Qd5 $2 (72... Qa2 $1 $11 73. Qf3 (73. Kxd2 $2 {is the wrong capture.} Ne4+ 74. Kc2 Nxf2 $19) (73. f6+ Kg8 $11) 73... Qxb2 74. f6+ Kg8 75. Qa8+ Kh7 76. Qh1+ Kg8 77. Qa8+ Kh7 78. Qh1+ Kg8 79. Qa8+) 73. f6+ $1 $18 Kg8 74. Qf3 Qxf3 75. Bxf3 Rxb2 76. Bd5 g5 77. Rc6 Nf5 78. Rc8+ Kh7 79. Bxf7 Nd6 80. Bg8+ Kg6 {[%emt 0:00:04] [#]} 81. Rc6 $1 Nf7 82. Rc7 Nh6 83. f7 Kg7 $2 {[%emt 0:00:04] [#]} (83... Rb8 $16) 84. a4 $1 $18 g4 85. Rc5 $2 ({Not} 85. Rc4 g3 86. Rf4 Kf8 $11) (85. Rc8 $18 Nxf7 86. Bxf7 Kxf7 87. a5 Rb1+ 88. Kf2 Rb2+ 89. Kg3) 85... Nxf7 $11 86. Bxf7 Kxf7 87. Rg5 Rb4 88. a5 Kf6 89. Rc5 Rb2 90. Kf1 Ra2 91. Rb5 Ke6 92. Rg5 Kf6 93. Rb5 (93. Rxg4 {simplifies} Rxa5 94. Kf2 Kf7 95. Rf4+) 93... Ke6 94. Kg1 Kf6 95. e4 Ke6 96. Rc5 Kf6 97. Rh5 Kg6 98. Rf5 Ra4 99. Re5 Kf6 100. Rf5+ Ke6 101. Rg5 Rxe4 102. a6 Ra4 103. a7 1/2-1/2

[Event "Belt and Road Women 2024"]
[Site "Yuecheng Shaoxing"]
[Date "2024.08.01"]
[Round "8.2"]
[White "Mammadzada, Gunay"]
[Black "Badelka, Olga"]
[Result "1/2-1/2"]
[ECO "C07"]
[WhiteElo "2444"]
[BlackElo "2389"]
[Annotator "RC"]
[PlyCount "65"]
[EventDate "2024.08.01"]
[EventType "swiss"]
[EventCountry "CHN"]
[SourceTitle "playchess.com"]
[Source "ChessBase"]
[SourceQuality "1"]
[TimeControl "5400+30"]

1. e4 e6 2. d4 d5 3. Nd2 c5 4. Ngf3 Nf6 5. exd5 Nxd5 6. Ne4 cxd4 7. Nxd4 Be7 8. Bc4 O-O 9. O-O Nc6 10. a4 Nxd4 11. Qxd4 Bd7 12. b3 Bc6 13. Bb2 Nf6 14. Ng3 Qxd4 15. Bxd4 Rfd8 16. Rfd1 Nd5 17. c3 a5 18. Ne2 Bf6 19. Bxf6 gxf6 20. Bb5 e5 21. Kf1 Kf8 22. Ke1 Ke7 23. Rd2 Nc7 24. Bxc6 bxc6 25. g4 Ne6 26. Ng3 Nc5 27. Nf5+ Ke8 28. Rad1 Rxd2 29. Rxd2 Rd8 30. Nd6+ Ke7 31. Nf5+ Ke8 32. Nd6+ Ke7 33. Nf5+ 1/2-1/2